 Dungeon Crawl Stone Soup version 0.31-a0-702-gf82c85558f (webtiles) character file.

Game seed: 11242019641460873572

23 qw the Shooter (level 3, 0/21 HPs)
             Began as a Gargoyle Hunter on Sept 8, 2023.
             Slain by a jackal (2 damage)
             ... on level 1 of the Dungeon.
             The game lasted 00:00:10 (297 turns).

qw the Shooter (Gargoyle Hunter)                     Turns: 297, Time: 00:00:10

Health: 0/21       AC:  6    Str: 14    XL:     3   Next: 0%
Magic:  3/3        EV: 11    Int:  9    God:
Gold:   27         SH:  0    Dex: 15    Spells: 2/2 levels left

rFire   . . .        a - +0 shortbow
rCold   . . .        (shield currently unavailable)
rNeg    + . .        c - +0 leather armour
rPois   inf          (no helmet)
rElec   +            (no cloak)
rCorr   .            (no gloves)
SInv    .            (no boots)
Will    .....        (no amulet)
Stlth   ++           (no ring)
HPRegen 0.23/turn    (no ring)
MPRegen 0.08/turn

%: no passive effects
@: no status effects
A: sickness immunity, AC +3, negative energy resistance 1, electricity
resistance, torment resistance 1, petrification resistance
a: no special abilities


You were on level 1 of the Dungeon.
You visited 1 branch of the dungeon, and saw 1 of its levels.

You collected 27 gold pieces.


Innate Abilities, Weirdness & Mutations

You are immune to sickness and miasma.
Your stone body is resilient. (AC +3)
You are immune to poison.
You resist negative energy. (rN+)
You are resistant to electric shocks. (rElec)
You are resistant to unholy torment.
You are immune to petrification.


   Skills:
 - Level 2.1 Fighting
 + Level 4.9 Ranged Weapons
 - Level 1.5 Dodging
 - Level 1.1 Stealth


You had 2 spell levels left.
You didn't know any spells.
Your spell library was empty.

Inventory:

Hand Weapons
 a - a +0 shortbow (weapon)
Armour
 c - a +0 leather armour (worn)
 e - a +0 cloak
Scrolls
 b - a scroll of butterflies
 d - a scroll of poison {unknown}
 f - a scroll of blinking {unknown}

Dungeon Overview and Level Annotations

Branches:
Dungeon (1/15)

Altars:


Message History

The jackal is almost dead.
The jackal completely misses you.
The jackal bites you but does no damage.
The jackal barely misses you. The jackal closely misses you.
The jackal barely misses you. The jackal closely misses you.
You shoot an arrow. The arrow hits the jackal.
You kill the jackal!
The jackal barely misses you. The jackal closely misses you.
The jackal barely misses you.
The jackal bites you but does no damage.
You shoot an arrow. The arrow barely misses the jackal.
The jackal completely misses you. The jackal misses you.
You shoot an arrow. The arrow barely misses the jackal.
The jackal misses you.
The jackal bites you but does no damage.
The jackal barely misses you. x2
You shoot an arrow. The arrow hits the jackal.
The jackal is moderately wounded.
The jackal bites you but does no damage.
The jackal misses you.
The jackal bites you but does no damage.
You shoot an arrow. The arrow closely misses the jackal.
The jackal closely misses you. The jackal bites you.
The jackal bites you but does no damage.
You shoot an arrow.
The arrow hits the jackal but does no damage.
The jackal is moderately wounded.
The jackal bites you. x3; The jackal closely misses you.
You shoot an arrow. The arrow closely misses the jackal.
The jackal barely misses you. The jackal closely misses you. x2
You shoot an arrow. The arrow hits the jackal!
You kill the jackal!
The jackal bites you but does no damage.
You have reached level 3!
Your experience leads to an increase in your attributes!
Increase (S)trength, (I)ntelligence, or (D)exterity?
You feel agile. x2
You shoot an arrow. The arrow closely misses the jackal.
The jackal bites you.
You die...

#### ## #... .#
#############.## .#
.........#.....##.#####
##.....................
##.###......#.........
...# #)#.##.#.....#
...# #.#.#......@.#
..## #.#.##.#.##%h# ..#
#........##.....
..######.......#.##....
..#.# #.........# (###
..#.# #.......### .
).#.# #...:...# . ...#
.##)# #.......# ## ....
.##.# #.......# ...


You could see a jackal.

Vanquished Creatures
  A dart slug (D:1)
  A ball python (D:1)
  An endoplasm (D:1)
  2 giant cockroaches (D:1)
  3 goblins (D:1)
  A hobgoblin (D:1)
  3 jackals (D:1)
  2 bats (D:1)
  4 frilled lizards (D:1)
  A kobold (D:1)
  A rat (D:1)
20 creatures vanquished.

Notes
Turn   | Place    | Note
-------+----------+-------------------------------------------
     0 | D:1      | qw the Gargoyle Hunter began the quest for the Orb.
     0 | D:1      | Reached XP level 1. HP: 12/12 MP: 1/1
     0 | D:1      | 0 ||| qw: Version: 0.3-a-76-g4403597
     0 | D:1      | 0 ||| qw: Game counter: 1018
     0 | D:1      | 0 ||| qw: Melee chars always use a shield: true
     0 | D:1      | 0 ||| qw: God list: Okawaru
     0 | D:1      | 0 ||| qw: Allow faded altars: false
     0 | D:1      | 0 ||| qw: Do Orc after clearing Dungeon:15 true
     0 | D:1      | 0 ||| qw: Do second Lair branch before Depths: true
     0 | D:1      | 0 ||| qw: Lair rune preference: random
     0 | D:1      | 0 ||| qw: Goals: Normal
     0 | D:1      | 0 ||| PLANNING D:1-11
    48 | D:1      | Reached XP level 2. HP: 17/17 MP: 2/2
   294 | D:1      | HP: 3/17 [jackal (2)]
   294 | D:1      | HP: 1/17 [jackal (2)]
   297 | D:1      | Reached XP level 3. HP: 2/21 MP: 3/3
   297 | D:1      | Slain by a jackal

Levels and vault maps discovered:
D:1:      scummos_arrival_hexagon, layout_basic, serial_curves, eino_curves_04,
          eino_curves_04, minmay_pentomino_w2

Action                     || total
---------------------------++-------
   Fire: Shortbow          ||    50
 Armour: Leather armour    ||    21
  Dodge: Dodged            ||    24

Table legend:
 A = Non-vault XP
 B = Vault XP
 C = Vault XP percentage of total XP
 D = Non-vault monster count
 E = Vault monster count
 F = Vault count percentage of total count
                 A         B        C        D         E       F
            +---------+---------+-------+---------+---------+-------
      Total |      34 |       0 |   0.0 |      20 |       0 |   0.0
            +---------+---------+-------+---------+---------+-------
        D:1 |      34 |       0 |   0.0 |      20 |       0 |   0.0
            +---------+---------+-------+---------+---------+-------
